Erie Otters vs Long Beach Ice Dogs
Created - Friday, April 28, 2023 at 07:25
Goals
|
| Erie Otters |
2 |
1 |
2 |
0 |
5 |
| Long Beach Ice Dogs |
3 |
1 |
1 |
1 |
6 |
|
Shots
|
| Erie Otters |
10 |
22 |
10 |
0 |
42 |
| Long Beach Ice Dogs |
13 |
7 |
7 |
4 |
31 |
|
1st period
1. Long Beach Ice Dogs , Yan Kuznetsov 1 (Unassisted) at 2:12
2. Long Beach Ice Dogs , Trey Fix-Wolansky 6 (Justin Schultz 18, Jujhar Khaira 13) at 6:56
3. Long Beach Ice Dogs , Brendan Gallagher 18 (Gabriel Vilardi 25) at 15:49
4. Erie Otters , Paul Cotter 18 (Alex Newhook 49) at 18:01
5. Erie Otters , Paul Cotter 19 (Alex Newhook 50, Aaron Luchuk 8) at 19:06
Penalties :
William Lagesson (TRM) for Hooking (Minor) at 2:49, Riley Stillman (TRM) for Fighting (Major) at 15:37, Trent Frederic (ERO) for Fighting (Major) at 15:37
2nd period
6. Erie Otters , Alex Gallant 3 (Ty Ronning 7, Aaron Luchuk 9) at 3:06
7. Long Beach Ice Dogs , Gabriel Vilardi 22 (Darren Helm 18, Brendan Gallagher 24) at 7:31
Penalties :
Alex Gallant (ERO) for Tripping (Minor) at 8:38, Trey Fix-Wolansky (TRM) for Tripping (Minor) at 11:13, Brendan Gallagher (TRM) for Holding (Minor) at 17:42
3rd period
8. Erie Otters , Trent Frederic 29 (Alex Newhook 51) at 14:36 (PP)
9. Long Beach Ice Dogs , Victor Rask 21 (Mark Pysyk 15, Zack Kassian 19) at 16:19
10. Erie Otters , Michael Eyssimont 21 (Sampo Ranta 21, Andy Andreoff 39) at 17:40 (PP)
Penalties :
Alex Gallant (ERO) for Hooking (Minor) at 2:13, Trent Frederic (ERO) for Interference (Minor) at 5:46, Paul Cotter (ERO) for Interference (Minor) at 10:13, Mathieu Olivier (TRM) for Roughing (Minor) at 14:28, Mathieu Olivier (TRM) for Fighting (Major) at 16:26, Alex Gallant (ERO) for Fighting (Major) at 16:26, Alex Galchenyuk (TRM) for Slashing (Minor) at 17:30, Riley Stillman (TRM) for Fighting (Major) at 17:59, Alex Petrovic (ERO) for Fighting (Major) at 17:59
Overtime #1
11. Long Beach Ice Dogs , Logan Brown 10 (Jujhar Khaira 14) at 3:08
Penalties :
No Penalty
Goalie Stats
Keith Kinkaid (ERO), 25 saves from 31 shots - (0.806), OTL, 10-6-6, 63:08 minutes
Spencer Martin (TRM), 37 saves from 42 shots - (0.881), W, 9-13-1, 63:08 minutes
Players Stats for Erie Otters
Player Name G A P +/- PIM S H SB GA TA FO MP PP MP PK MP
------------------------------------------------------------------------------------
Aaron Luchuk 0 2 2 1 0 2 1 2 0 1 10/11 13:40 0:00 2:08
Aaron Ness 0 0 0 -1 0 1 2 2 0 1 0/0 24:28 3:04 3:44
Abbott Girduckis 0 0 0 -1 0 1 1 0 0 0 0/4 9:01 0:03 0:00
Adam Brubacher 0 0 0 -1 0 0 0 0 0 0 0/0 9:13 0:00 0:00
Adam Clendening 0 0 0 -1 0 1 2 0 1 0 0/0 25:27 3:11 4:12
Alec McCrea 0 0 0 -1 0 2 1 0 0 0 0/0 13:13 0:00 0:00
Alex Biega 0 0 0 -1 0 1 2 0 0 1 0/0 25:27 3:11 4:12
Alex Gallant 1 0 1 1 9 5 3 0 0 0 0/0 10:20 0:00 0:00
Alex Newhook 0 3 3 -1 0 4 0 0 1 2 10/23 21:04 3:00 3:13
Alex Petrovic 0 0 0 -2 5 1 2 5 0 0 0/0 22:13 3:04 3:44
Alex-Olivier Voyer 0 0 0 1 0 3 2 0 0 0 1/1 12:30 0:08 0:00
Andy Andreoff 0 1 1 -2 0 6 4 1 0 0 12/20 20:32 3:07 4:06
Kevin Davis 0 0 0 -1 0 1 1 0 0 1 0/0 14:56 0:00 0:00
Michael Eyssimont 1 0 1 -2 0 4 3 0 0 0 0/0 16:37 3:07 1:24
Paul Cotter 2 0 2 0 2 3 4 1 0 0 1/2 20:19 3:05 2:35
Sampo Ranta 0 1 1 -2 0 2 1 1 1 0 1/2 15:18 3:07 0:22
Trent Frederic 1 0 1 -2 7 1 2 0 1 0 0/0 17:22 3:00 2:04
Ty Ronning 0 1 1 0 0 4 1 1 0 1 0/0 13:16 0:08 0:00
Players Stats for Long Beach Ice Dogs
Player Name G A P +/- PIM S H SB GA TA FO MP PP MP PK MP
------------------------------------------------------------------------------------
Alex Galchenyuk 0 0 0 -2 2 2 2 0 0 1 2/4 17:21 3:53 1:03
Brendan Gallagher 1 1 2 2 2 7 0 1 1 0 1/4 20:31 3:52 1:54
Darren Helm 0 1 1 3 0 2 0 1 0 0 3/6 20:21 3:52 2:53
Gabriel Vilardi 1 1 2 3 0 4 0 0 2 0 8/18 20:33 3:52 2:49
Jansen Harkins 0 0 0 0 0 2 2 0 0 0 0/0 13:07 0:00 0:00
Jujhar Khaira 0 2 2 2 0 0 2 0 0 1 0/0 8:13 0:11 0:00
Justin Schultz 0 1 1 0 0 1 1 1 1 0 0/0 25:24 3:55 3:02
Logan Brown 1 0 1 1 0 5 0 0 2 0 4/9 14:24 0:00 1:02
Mark Pysyk 0 1 1 1 0 0 1 0 0 0 0/0 24:44 3:55 3:02
Mathieu Olivier 0 0 0 0 7 1 0 0 0 0 1/1 11:45 0:11 0:00
Olli Juolevi 0 0 0 2 0 0 0 1 0 1 0/0 17:56 0:00 0:11
Riley Stillman 0 0 0 2 10 0 5 1 0 0 0/0 19:37 4:01 3:13
Shane Bowers 0 0 0 1 0 0 1 1 0 0 0/2 9:51 0:11 0:00
Trey Fix-Wolansky 1 0 1 1 2 1 2 0 0 0 0/0 7:29 0:00 0:00
Victor Rask 1 0 1 -2 0 5 1 0 1 1 9/19 20:09 3:53 2:39
William Lagesson 0 0 0 1 2 0 3 1 0 0 0/0 23:45 4:01 2:29
Yan Kuznetsov 1 0 1 1 0 1 0 0 0 0 0/0 14:57 0:00 0:33
Zack Kassian 0 1 1 -2 0 0 0 0 0 0 0/0 16:28 3:53 0:10
3 Stars
1 - Gabriel Vilardi (TRM)
2 - Paul Cotter (ERO)
3 - Jujhar Khaira (TRM)
Power Play
Erie Otters - 2 on 6 Attempt(s) - 33.33%
Long Beach Ice Dogs - 0 on 4 Attempt(s) - 0.00%
Penalty Kill
Erie Otters - 4 on 4 Attempt(s) - 100.00%
- Score 0 goal in Penalty Kill
Long Beach Ice Dogs - 4 on 6 Attempt(s) - 66.67%
- Score 0 goal in Penalty Kill
Team Stat
Erie Otters - Hits : 32 - Faceoff Wins : 35 - Blocked Shots : 13 - Penalty Minutes : 23
Long Beach Ice Dogs - Hits : 20 - Faceoff Wins : 28 - Blocked Shots : 7 - Penalty Minutes : 25
Official
Referees : Evgeny Romasko and Jacob Brenk
Linesman : Unknown
Game Notes
2:12 of 1st period - Penalty Shot by Yan Kuznetsov for Long Beach Ice Dogs - Goal!
6:56 of 1st period - Long Beach Ice Dogs goal is going for a video replay. After video review, Goal.
Trent Frederic beats up Riley Stillman at 15:37 of 1st period
19:06 of 1st period - Erie Otters goal is going for a video replay. After video review, Goal.
Alex Gallant beats up Mathieu Olivier at 16:26 of 3rd period
Riley Stillman beats up Alex Petrovic at 17:59 of 3rd period
Erie Otters
5 vs 5 Forward
Center Left Wing Right Wing Time % Phy DF OF
1 Alex Newhook Trent Frederic Paul Cotter 30 1 2 2
2 Andy Andreoff Michael Eyssimont Sampo Ranta 30 1 2 2
3 Aaron Luchuk Alex Gallant Ty Ronning 25 1 2 2
4 Abbott Girduckis Adam Brubacher Alex-Olivier Voyer 15 1 2 2
5 vs 5 Defense
Defense Defense Time % Phy DF OF
1 Adam Clendening Alex Biega 35 1 2 2
2 Aaron Ness Alex Petrovic 35 1 2 2
3 Alec McCrea Kevin Davis 30 1 2 2
4 Adam Clendening Alex Biega 0 1 2 2
PowerPlay Forward
Center Left Wing Right Wing Time % Phy DF OF
1 Alex Newhook Trent Frederic Paul Cotter 50 1 2 2
2 Andy Andreoff Michael Eyssimont Sampo Ranta 50 1 2 2
PowerPlay Defense
Defense Defense Time % Phy DF OF
1 Adam Clendening Alex Biega 50 1 2 2
2 Aaron Ness Alex Petrovic 50 1 2 2
Penalty Kill 4 Players Forward
Center Wing Time % Phy DF OF
1 Alex Newhook Trent Frederic 50 1 2 2
2 Andy Andreoff Paul Cotter 50 1 2 2
Penalty Kill 4 Players Defense
Defense Defense Time % Phy DF OF
1 Adam Clendening Alex Biega 50 1 2 2
2 Aaron Ness Alex Petrovic 50 1 2 2
Penalty Kill - 3 Players Forward
Forward Time % Phy DF OF
1 Alex Newhook 50 1 2 2
2 Trent Frederic 50 1 2 2
Penalty Kill - 3 Players Defense
Defense Defense Time % Phy DF OF
1 Adam Clendening Alex Biega 50 1 2 2
2 Aaron Ness Alex Petrovic 50 1 2 2
4 vs 4 Forward
Center Wing Time % Phy DF OF
1 Alex Newhook Trent Frederic 50 1 2 2
2 Andy Andreoff Paul Cotter 50 1 2 2
4 vs 4 Defense
Defense Defense Time % Phy DF OF
1 Adam Clendening Alex Biega 50 1 2 2
2 Aaron Ness Alex Petrovic 50 1 2 2
Last Minutes Offensive
Center Left Wing Right Wing Defense Defense
Alex Newhook Trent Frederic Paul Cotter Adam Clendening Alex Biega
Last Minutes Defensive
Center Left Wing Right Wing Defense Defense
Alex Newhook Trent Frederic Paul Cotter Adam Clendening Alex Biega
Goaltenders
Starting : Keith Kinkaid
Backup : Adam Werner
Extra Forwards
Normal : Ty Ronning, Alex-Olivier Voyer, Aaron Luchuk - PP : Ty Ronning, Alex-Olivier Voyer - PK : Aaron Luchuk
Extra Defensemen
Normal : Aaron Ness, Kevin Davis, Adam Brubacher - PP : Aaron Ness - PK : Kevin Davis, Adam Brubacher
Penalty Shots
Alex Newhook, Trent Frederic, Andy Andreoff, Paul Cotter, Michael Eyssimont
Long Beach Ice Dogs
5 vs 5 Forward
Center Left Wing Right Wing Time % Phy DF OF
1 Gabriel Vilardi Darren Helm Brendan Gallagher 30 1 2 2
2 Victor Rask Alex Galchenyuk Zack Kassian 30 1 2 2
3 Logan Brown Jansen Harkins Mathieu Olivier 25 1 2 2
4 Shane Bowers Jujhar Khaira Trey Fix-Wolansky 15 1 2 2
5 vs 5 Defense
Defense Defense Time % Phy DF OF
1 Mark Pysyk Justin Schultz 35 1 2 2
2 Riley Stillman William Lagesson 35 1 2 2
3 Olli Juolevi Yan Kuznetsov 30 1 2 2
4 Mark Pysyk Justin Schultz 0 1 2 2
PowerPlay Forward
Center Left Wing Right Wing Time % Phy DF OF
1 Gabriel Vilardi Darren Helm Brendan Gallagher 50 1 2 2
2 Victor Rask Alex Galchenyuk Zack Kassian 50 1 2 2
PowerPlay Defense
Defense Defense Time % Phy DF OF
1 Mark Pysyk Justin Schultz 50 1 2 2
2 Riley Stillman William Lagesson 50 1 2 2
Penalty Kill 4 Players Forward
Center Wing Time % Phy DF OF
1 Brendan Gallagher Gabriel Vilardi 50 1 2 2
2 Darren Helm Victor Rask 50 1 2 2
Penalty Kill 4 Players Defense
Defense Defense Time % Phy DF OF
1 Mark Pysyk Justin Schultz 50 1 2 2
2 Riley Stillman William Lagesson 50 1 2 2
Penalty Kill - 3 Players Forward
Forward Time % Phy DF OF
1 Brendan Gallagher 50 1 2 2
2 Gabriel Vilardi 50 1 2 2
Penalty Kill - 3 Players Defense
Defense Defense Time % Phy DF OF
1 Mark Pysyk Justin Schultz 50 1 2 2
2 Riley Stillman William Lagesson 50 1 2 2
4 vs 4 Forward
Center Wing Time % Phy DF OF
1 Brendan Gallagher Gabriel Vilardi 50 1 2 2
2 Darren Helm Victor Rask 50 1 2 2
4 vs 4 Defense
Defense Defense Time % Phy DF OF
1 Mark Pysyk Justin Schultz 50 1 2 2
2 Riley Stillman William Lagesson 50 1 2 2
Last Minutes Offensive
Center Left Wing Right Wing Defense Defense
Gabriel Vilardi Darren Helm Brendan Gallagher Mark Pysyk Justin Schultz
Last Minutes Defensive
Center Left Wing Right Wing Defense Defense
Gabriel Vilardi Darren Helm Brendan Gallagher Mark Pysyk Justin Schultz
Goaltenders
Starting : Spencer Martin
Backup : Akira Schmid
Extra Forwards
Normal : Shane Bowers, Jujhar Khaira, Logan Brown - PP : Shane Bowers, Jujhar Khaira - PK : Logan Brown
Extra Defensemen
Normal : Olli Juolevi, Yan Kuznetsov, Riley Stillman - PP : Olli Juolevi - PK : Yan Kuznetsov, Riley Stillman
Penalty Shots
Brendan Gallagher, Gabriel Vilardi, Darren Helm, Victor Rask, Alex Galchenyuk
% Time on Ice - Erie Otters
Lines # - Real PCT - Wanted PCT - Time Play
Normal Forward
1 - 30% - 30% - 13:56
2 - 27% - 30% - 12:17
3 - 24% - 25% - 11:03
4 - 19% - 15% - 8:33
Normal Defense
1 - 35% - 35% - 15:55
2 - 36% - 35% - 16:16
3 - 29% - 30% - 13:13
4 - 1% - 0% - 0:25
PP Forward
1 - 49% - 50% - 3:05
2 - 51% - 50% - 3:10
PP Defense
1 - 51% - 50% - 3:11
2 - 49% - 50% - 3:04
PK Forward
1 - 45% - 50% - 3:33
2 - 55% - 50% - 4:23
PK Defense
1 - 53% - 50% - 4:12
2 - 47% - 50% - 3:44
PK3 Forward
1 - 0% - 50%
2 - 0% - 50%
PK3 Defense
1 - 0% - 50%
2 - 0% - 50%
44 Forward
1 - 48% - 50% - 1:31
2 - 52% - 50% - 1:37
44 Defense
1 - 55% - 50% - 1:44
2 - 45% - 50% - 1:24
Last Minute Offensive - 0:00
Last Minute Defensive - 0:00
Total
Forward - 63:08
Defense - 63:08
|
% Time on Ice - Long Beach Ice Dogs
Lines # - Real PCT - Wanted PCT - Time Play
Normal Forward
1 - 28% - 30% - 12:47
2 - 27% - 30% - 12:26
3 - 29% - 25% - 13:07
4 - 16% - 15% - 7:29
Normal Defense
1 - 36% - 35% - 16:27
2 - 34% - 35% - 15:47
3 - 30% - 30% - 13:35
4 - 0% - 0% - 0:00
PP Forward
1 - 49% - 50% - 3:52
2 - 51% - 50% - 4:04
PP Defense
1 - 49% - 50% - 3:55
2 - 51% - 50% - 4:01
PK Forward
1 - 56% - 50% - 3:30
2 - 44% - 50% - 2:45
PK Defense
1 - 49% - 50% - 3:02
2 - 51% - 50% - 3:13
PK3 Forward
1 - 0% - 50%
2 - 0% - 50%
PK3 Defense
1 - 0% - 50%
2 - 0% - 50%
44 Forward
1 - 52% - 50% - 1:38
2 - 48% - 50% - 1:30
44 Defense
1 - 43% - 50% - 1:20
2 - 57% - 50% - 1:48
Last Minute Offensive - 0:00
Last Minute Defensive - 0:00
Total
Forward - 63:08
Defense - 63:08
|
Play-by-Play
1st period
0:01 of 1st period - Gabriel Vilardi wins face-off versus Paul Cotter in neutral zone.
0:35 of 1st period - Wrist shot by Andy Andreoff.
0:35 of 1st period - Shot Blocked by William Lagesson.
0:51 of 1st period - Snap shot by Jansen Harkins.
0:51 of 1st period - Stopped by Keith Kinkaid without a rebound.
0:52 of 1st period - Logan Brown wins face-off versus Abbott Girduckis in Erie Otters zone.
1:20 of 1st period - Wrist shot by Logan Brown.
1:20 of 1st period - Shot Misses the Net.
1:22 of 1st period - Slapshot by Logan Brown.
1:22 of 1st period - Stopped by Keith Kinkaid without a rebound.
1:23 of 1st period - Aaron Luchuk wins face-off versus Shane Bowers in Erie Otters zone.
1:53 of 1st period - Snap shot by Andy Andreoff.
1:53 of 1st period - Deflect By Sampo Ranta.
1:53 of 1st period - Shot Hit the Post.
1:53 of 1st period - Puck is out of play.
1:54 of 1st period - Alex Newhook wins face-off versus Gabriel Vilardi in Long Beach Ice Dogs zone.
2:12 of 1st period - Penalty Shot by Yan Kuznetsov for Long Beach Ice Dogs.
2:12 of 1st period - Wrist shot by Yan Kuznetsov.
2:12 of 1st period - Goal by Yan Kuznetsov - Erie Otters : 0 - Long Beach Ice Dogs : 1.
2:13 of 1st period - Victor Rask wins face-off versus Sampo Ranta in neutral zone.
2:14 of 1st period - Victor Rask wins face-off versus Andy Andreoff in Long Beach Ice Dogs zone.
2:22 of 1st period - Snap shot by Zack Kassian.
2:22 of 1st period - Deflect By Alex Galchenyuk.
2:22 of 1st period - Shot Misses the Net.
2:22 of 1st period - Puck is out of play.
2:23 of 1st period - Victor Rask wins face-off versus Andy Andreoff in Erie Otters zone.
2:26 of 1st period - Wrist shot by Victor Rask.
2:26 of 1st period - Stopped by Keith Kinkaid with a rebound.
2:42 of 1st period - Snap shot by Victor Rask.
2:42 of 1st period - Shot Misses the Net.
2:49 of 1st period - Minor Penalty to William Lagesson for Hooking.
2:50 of 1st period - Brendan Gallagher wins face-off versus Alex Newhook in Long Beach Ice Dogs zone.
2:50 of 1st period - Brendan Gallagher is hit by Alex Biega.
3:23 of 1st period - Snap shot by Andy Andreoff.
3:23 of 1st period - Shot Blocked by Justin Schultz.
3:37 of 1st period - Aaron Ness is hit by Victor Rask and loses puck.
3:56 of 1st period - Gabriel Vilardi is hit by Andy Andreoff and loses puck.
4:11 of 1st period - Riley Stillman is hit by Michael Eyssimont and loses puck.
4:49 of 1st period - Penalty to William Lagesson is over, William Lagesson is back on ice.
4:56 of 1st period - Jujhar Khaira is hit by Abbott Girduckis and loses puck.
5:08 of 1st period - Abbott Girduckis is hit by Jujhar Khaira and loses puck.
6:54 of 1st period - Backhand shot by Trey Fix-Wolansky.
6:54 of 1st period - Shot Misses the Net.
6:56 of 1st period - Snap shot by Justin Schultz.
6:56 of 1st period - Deflect By Trey Fix-Wolansky.
6:56 of 1st period - Long Beach Ice Dogs goal is going for a video replay.
6:56 of 1st period - The goal is good.
6:56 of 1st period - Goal by Trey Fix-Wolansky - Erie Otters : 0 - Long Beach Ice Dogs : 2.
6:57 of 1st period - Gabriel Vilardi wins face-off versus Alex Newhook in neutral zone.
7:06 of 1st period - Snap shot by Brendan Gallagher.
7:06 of 1st period - Stopped by Keith Kinkaid with a rebound.
7:08 of 1st period - Snap shot by Justin Schultz.
7:08 of 1st period - Shot Misses the Net.
7:10 of 1st period - Snap shot by Justin Schultz.
7:10 of 1st period - Shot Misses the Net.
7:12 of 1st period - Wrist shot by Darren Helm.
7:12 of 1st period - Shot Misses the Net.
7:22 of 1st period - Zack Kassian is hit by Alex Gallant and loses puck.
7:41 of 1st period - Slapshot by Logan Brown.
7:41 of 1st period - Stopped by Keith Kinkaid with a rebound.
8:06 of 1st period - Alex Petrovic is hit by Trey Fix-Wolansky and loses puck.
8:22 of 1st period - Icing by Yan Kuznetsov.
8:23 of 1st period - Gabriel Vilardi wins face-off versus Abbott Girduckis in Long Beach Ice Dogs zone.
8:44 of 1st period - Slapshot by Gabriel Vilardi.
8:44 of 1st period - Stopped by Keith Kinkaid without a rebound.
8:45 of 1st period - Alex Newhook wins face-off versus Victor Rask in Erie Otters zone.
9:45 of 1st period - Slapshot by Justin Schultz.
9:45 of 1st period - Deflect By Sampo Ranta.
9:45 of 1st period - Stopped by Keith Kinkaid with a rebound.
10:45 of 1st period - Snap shot by Brendan Gallagher.
10:45 of 1st period - Stopped by Keith Kinkaid with a rebound.
11:03 of 1st period - Andy Andreoff is hit by Riley Stillman and loses puck.
11:26 of 1st period - Snap shot by Alex Galchenyuk.
11:26 of 1st period - Stopped by Keith Kinkaid with a rebound.
11:56 of 1st period - Alex Newhook is hit by Shane Bowers and loses puck.
12:36 of 1st period - Slapshot by Justin Schultz.
12:36 of 1st period - Deflect By Logan Brown.
12:36 of 1st period - Shot Blocked by Andy Andreoff.
12:36 of 1st period - Puck is out of play.
12:37 of 1st period - Andy Andreoff wins face-off versus Victor Rask in Erie Otters zone.
12:50 of 1st period - Yan Kuznetsov is hit by Alec McCrea and loses puck.
13:09 of 1st period - Zack Kassian is hit by Sampo Ranta and loses puck.
13:22 of 1st period - Yan Kuznetsov is hit by Andy Andreoff and loses puck.
13:27 of 1st period - Slapshot by Andy Andreoff.
13:27 of 1st period - Stopped by Spencer Martin with a rebound.
13:29 of 1st period - Snap shot by Alec McCrea.
13:29 of 1st period - Stopped by Spencer Martin with a rebound.
13:31 of 1st period - Wrist shot by Andy Andreoff.
13:31 of 1st period - Shot Misses the Net.
13:35 of 1st period - Snap shot by Andy Andreoff.
13:35 of 1st period - Stopped by Spencer Martin without a rebound.
13:36 of 1st period - Alex Newhook wins face-off versus Gabriel Vilardi in Long Beach Ice Dogs zone.
13:37 of 1st period - Wrist shot by Trent Frederic.
13:37 of 1st period - Shot Misses the Net.
13:47 of 1st period - William Lagesson is hit by Trent Frederic and loses puck.
14:06 of 1st period - Wrist shot by Alex-Olivier Voyer.
14:06 of 1st period - Stopped by Spencer Martin with a rebound.
14:08 of 1st period - Slapshot by Aaron Ness.
14:08 of 1st period - Stopped by Spencer Martin with a rebound.
14:49 of 1st period - Mark Pysyk is hit by Trent Frederic and loses puck.
14:54 of 1st period - Wrist shot by Alex Newhook.
14:54 of 1st period - Stopped by Spencer Martin without a rebound.
14:55 of 1st period - Gabriel Vilardi wins face-off versus Abbott Girduckis in Long Beach Ice Dogs zone.
15:25 of 1st period - Off-side.
15:26 of 1st period - Victor Rask wins face-off versus Alex Newhook in neutral zone.
15:28 of 1st period - Off-side.
15:29 of 1st period - Alex Newhook wins face-off versus Gabriel Vilardi in neutral zone.
15:36 of 1st period - Snap shot by Alex Newhook.
15:36 of 1st period - Stopped by Spencer Martin without a rebound.
15:37 of 1st period - Alex Newhook wins face-off versus Gabriel Vilardi in Long Beach Ice Dogs zone.
15:37 of 1st period - Trent Frederic beats up Riley Stillman.
15:37 of 1st period - Penalty to Riley Stillman for Fighting.
15:37 of 1st period - Penalty to Trent Frederic for Fighting.
15:38 of 1st period - Paul Cotter wins face-off versus Gabriel Vilardi in Long Beach Ice Dogs zone.
15:39 of 1st period - Slapshot by Alex Newhook.
15:39 of 1st period - Stopped by Spencer Martin without a rebound.
15:40 of 1st period - Gabriel Vilardi wins face-off versus Alex Newhook in Long Beach Ice Dogs zone.
15:45 of 1st period - Snap shot by Brendan Gallagher.
15:45 of 1st period - Shot Blocked by Alex Petrovic.
15:47 of 1st period - Wrist shot by Brendan Gallagher.
15:47 of 1st period - Stopped by Keith Kinkaid with a rebound.
15:49 of 1st period - Slapshot by Brendan Gallagher.
15:49 of 1st period - Goal by Brendan Gallagher - Erie Otters : 0 - Long Beach Ice Dogs : 3.
15:50 of 1st period - Alex Galchenyuk wins face-off versus Alex Newhook in neutral zone.
15:50 of 1st period - Alex Galchenyuk is hit by Paul Cotter.
15:53 of 1st period - Off-side.
15:54 of 1st period - Alex Newhook wins face-off versus Victor Rask in neutral zone.
17:22 of 1st period - Wrist shot by Alex Galchenyuk.
17:22 of 1st period - Deflect By Victor Rask.
17:22 of 1st period - Stopped by Keith Kinkaid without a rebound.
17:23 of 1st period - Alex Galchenyuk wins face-off versus Alex Newhook in Erie Otters zone.
17:46 of 1st period - Alex Galchenyuk is hit by Paul Cotter and loses puck.
18:01 of 1st period - Snap shot by Paul Cotter.
18:01 of 1st period - Goal by Paul Cotter - Erie Otters : 1 - Long Beach Ice Dogs : 3.
18:02 of 1st period - Aaron Luchuk wins face-off versus Gabriel Vilardi in neutral zone.
18:15 of 1st period - Off-side.
18:16 of 1st period - Logan Brown wins face-off versus Andy Andreoff in neutral zone.
18:29 of 1st period - Slapshot by Mathieu Olivier.
18:29 of 1st period - Shot Misses the Net.
19:04 of 1st period - Wrist shot by Alex Newhook.
19:04 of 1st period - Shot Misses the Net.
19:06 of 1st period - Slapshot by Paul Cotter.
19:06 of 1st period - Erie Otters goal is going for a video replay.
19:06 of 1st period - The goal is good.
19:06 of 1st period - Goal by Paul Cotter - Erie Otters : 2 - Long Beach Ice Dogs : 3.
19:07 of 1st period - Andy Andreoff wins face-off versus Gabriel Vilardi in neutral zone.
19:34 of 1st period - Aaron Ness is hit by Alex Galchenyuk and loses puck.
Goals for this period are 2 for Erie Otters vs 3 for Long Beach Ice Dogs.
Shots for this period are 10 for Erie Otters vs 13 for Long Beach Ice Dogs.
2nd period
0:01 of 2nd period - Gabriel Vilardi wins face-off versus Alex Newhook in neutral zone.
0:26 of 2nd period - Alex Biega is hit by Trey Fix-Wolansky and loses puck.
0:46 of 2nd period - Icing by Alex Biega.
0:47 of 2nd period - Logan Brown wins face-off versus Andy Andreoff in Erie Otters zone.
2:45 of 2nd period - Gabriel Vilardi is hit by Aaron Ness and loses puck.
2:58 of 2nd period - Snap shot by Alex Gallant.
2:58 of 2nd period - Shot Misses the Net.
3:00 of 2nd period - Snap shot by Aaron Luchuk.
3:00 of 2nd period - Stopped by Spencer Martin without a rebound.
3:01 of 2nd period - Aaron Luchuk wins face-off versus Victor Rask in Long Beach Ice Dogs zone.
3:04 of 2nd period - Slapshot by Ty Ronning.
3:04 of 2nd period - Stopped by Spencer Martin with a rebound.
3:06 of 2nd period - Slapshot by Alex Gallant.
3:06 of 2nd period - Goal by Alex Gallant - Erie Otters : 3 - Long Beach Ice Dogs : 3.
3:07 of 2nd period - Sampo Ranta wins face-off versus Victor Rask in neutral zone.
3:16 of 2nd period - Snap shot by Andy Andreoff.
3:16 of 2nd period - Stopped by Spencer Martin without a rebound.
3:17 of 2nd period - Andy Andreoff wins face-off versus Victor Rask in Long Beach Ice Dogs zone.
3:34 of 2nd period - Snap shot by Andy Andreoff.
3:34 of 2nd period - Shot Misses the Net.
4:00 of 2nd period - Wrist shot by Michael Eyssimont.
4:00 of 2nd period - Deflect By Sampo Ranta.
4:00 of 2nd period - Stopped by Spencer Martin with a rebound.
4:02 of 2nd period - Snap shot by Michael Eyssimont.
4:02 of 2nd period - Shot Hit the Post.
4:04 of 2nd period - Slapshot by Alex Biega.
4:04 of 2nd period - Deflect By Zack Kassian.
4:04 of 2nd period - Stopped by Spencer Martin with a rebound.
4:06 of 2nd period - Slapshot by Adam Clendening.
4:06 of 2nd period - Shot Misses the Net.
4:08 of 2nd period - Snap shot by Michael Eyssimont.
4:08 of 2nd period - Stopped by Spencer Martin without a rebound.
4:09 of 2nd period - Gabriel Vilardi wins face-off versus Alex Newhook in Long Beach Ice Dogs zone.
4:40 of 2nd period - William Lagesson is hit by Alex Gallant and loses puck.
5:01 of 2nd period - Alex-Olivier Voyer is hit by Jujhar Khaira and loses puck.
5:36 of 2nd period - Snap shot by Alex Newhook.
5:36 of 2nd period - Shot Misses the Net.
6:10 of 2nd period - Mathieu Olivier is hit by Adam Clendening and loses puck.
6:28 of 2nd period - Jansen Harkins is hit by Adam Clendening and loses puck.
6:41 of 2nd period - Olli Juolevi is hit by Michael Eyssimont and loses puck.
7:09 of 2nd period - Snap shot by Alex Newhook.
7:09 of 2nd period - Stopped by Spencer Martin with a rebound.
7:11 of 2nd period - Backhand shot by Paul Cotter.
7:11 of 2nd period - Stopped by Spencer Martin with a rebound.
7:23 of 2nd period - Slapshot by Brendan Gallagher.
7:23 of 2nd period - Shot Misses the Net.
7:25 of 2nd period - Wrist shot by Darren Helm.
7:25 of 2nd period - Stopped by Keith Kinkaid with a rebound.
7:27 of 2nd period - Snap shot by Brendan Gallagher.
7:27 of 2nd period - Stopped by Keith Kinkaid with a rebound.
7:29 of 2nd period - Wrist shot by Darren Helm.
7:29 of 2nd period - Stopped by Keith Kinkaid with a rebound.
7:31 of 2nd period - Wrist shot by Gabriel Vilardi.
7:31 of 2nd period - Goal by Gabriel Vilardi - Erie Otters : 3 - Long Beach Ice Dogs : 4.
7:32 of 2nd period - Aaron Luchuk wins face-off versus Brendan Gallagher in neutral zone.
7:39 of 2nd period - Wrist shot by Brendan Gallagher.
7:39 of 2nd period - Shot Blocked by Ty Ronning.
7:41 of 2nd period - Wrist shot by Olli Juolevi.
7:41 of 2nd period - Shot Blocked by Alex Petrovic.
7:47 of 2nd period - Snap shot by Brendan Gallagher.
7:47 of 2nd period - Deflect By Gabriel Vilardi.
7:47 of 2nd period - Stopped by Keith Kinkaid with a rebound.
7:57 of 2nd period - Olli Juolevi is hit by Alex Petrovic and loses puck.
8:08 of 2nd period - Snap shot by Paul Cotter.
8:08 of 2nd period - Shot Blocked by Olli Juolevi.
8:10 of 2nd period - Wrist shot by Alex Petrovic.
8:10 of 2nd period - Stopped by Spencer Martin without a rebound.
8:11 of 2nd period - Andy Andreoff wins face-off versus Gabriel Vilardi in Long Beach Ice Dogs zone.
8:14 of 2nd period - Snap shot by Michael Eyssimont.
8:14 of 2nd period - Shot Misses the Net.
8:38 of 2nd period - Minor Penalty to Alex Gallant for Tripping.
8:39 of 2nd period - Alex Newhook wins face-off versus Darren Helm in Erie Otters zone.
8:52 of 2nd period - Backhand shot by Gabriel Vilardi.
8:52 of 2nd period - Shot Misses the Net.
9:38 of 2nd period - Paul Cotter is hit by Riley Stillman and loses puck.
10:38 of 2nd period - Penalty to Alex Gallant is over, Alex Gallant is back on ice.
10:44 of 2nd period - Snap shot by Jansen Harkins.
10:44 of 2nd period - Stopped by Keith Kinkaid without a rebound.
10:45 of 2nd period - Aaron Luchuk wins face-off versus Logan Brown in Erie Otters zone.
10:50 of 2nd period - Wrist shot by Ty Ronning.
10:50 of 2nd period - Stopped by Spencer Martin without a rebound.
10:51 of 2nd period - Aaron Luchuk wins face-off versus Shane Bowers in Long Beach Ice Dogs zone.
10:57 of 2nd period - Wrist shot by Ty Ronning.
10:57 of 2nd period - Stopped by Spencer Martin with a rebound.
10:59 of 2nd period - Slapshot by Kevin Davis.
10:59 of 2nd period - Deflect By Alex Gallant.
10:59 of 2nd period - Stopped by Spencer Martin with a rebound.
11:01 of 2nd period - Wrist shot by Aaron Luchuk.
11:01 of 2nd period - Shot Misses the Net.
11:03 of 2nd period - Slapshot by Alec McCrea.
11:03 of 2nd period - Shot Blocked by Shane Bowers.
11:05 of 2nd period - Snap shot by Alex Gallant.
11:05 of 2nd period - Stopped by Spencer Martin with a rebound.
11:07 of 2nd period - Snap shot by Alex Gallant.
11:07 of 2nd period - Stopped by Spencer Martin with a rebound.
11:13 of 2nd period - Minor Penalty to Trey Fix-Wolansky for Tripping.
11:14 of 2nd period - Andy Andreoff wins face-off versus Brendan Gallagher in Long Beach Ice Dogs zone.
13:03 of 2nd period - Justin Schultz is hit by Andy Andreoff and loses puck.
13:13 of 2nd period - Penalty to Trey Fix-Wolansky is over, Trey Fix-Wolansky is back on ice.
13:54 of 2nd period - Olli Juolevi is hit by Alex-Olivier Voyer and loses puck.
14:22 of 2nd period - Snap shot by Victor Rask.
14:22 of 2nd period - Stopped by Keith Kinkaid without a rebound.
14:23 of 2nd period - Alex Newhook wins face-off versus Alex Galchenyuk in Erie Otters zone.
15:10 of 2nd period - Snap shot by Andy Andreoff.
15:10 of 2nd period - Stopped by Spencer Martin with a rebound.
15:12 of 2nd period - Snap shot by Kevin Davis.
15:12 of 2nd period - Stopped by Spencer Martin with a rebound.
15:49 of 2nd period - Mathieu Olivier is hit by Paul Cotter.
16:30 of 2nd period - Slapshot by Andy Andreoff.
16:30 of 2nd period - Stopped by Spencer Martin with a rebound.
16:32 of 2nd period - Wrist shot by Adam Clendening.
16:32 of 2nd period - Shot Blocked by Darren Helm.
16:34 of 2nd period - Slapshot by Adam Clendening.
16:34 of 2nd period - Stopped by Spencer Martin without a rebound.
16:35 of 2nd period - Mathieu Olivier wins face-off versus Andy Andreoff in Long Beach Ice Dogs zone.
16:54 of 2nd period - Slapshot by Adam Clendening.
16:54 of 2nd period - Shot Misses the Net.
16:56 of 2nd period - Wrist shot by Sampo Ranta.
16:56 of 2nd period - Stopped by Spencer Martin with a rebound.
16:58 of 2nd period - Snap shot by Michael Eyssimont.
16:58 of 2nd period - Stopped by Spencer Martin without a rebound.
16:59 of 2nd period - Aaron Luchuk wins face-off versus Gabriel Vilardi in Long Beach Ice Dogs zone.
17:04 of 2nd period - Snap shot by Aaron Luchuk.
17:04 of 2nd period - Shot Misses the Net.
17:13 of 2nd period - Off-side.
17:14 of 2nd period - Victor Rask wins face-off versus Alex Newhook in neutral zone.
17:42 of 2nd period - Minor Penalty to Brendan Gallagher for Holding.
17:43 of 2nd period - Darren Helm wins face-off versus Alex Newhook in Long Beach Ice Dogs zone.
17:43 of 2nd period - Darren Helm is hit by Alex Petrovic.
17:52 of 2nd period - Trent Frederic is hit by Riley Stillman and loses puck.
18:01 of 2nd period - Snap shot by Logan Brown.
18:01 of 2nd period - Shot Blocked by Alex Petrovic.
19:35 of 2nd period - Aaron Ness is hit by Alex Galchenyuk and loses puck.
19:42 of 2nd period - Penalty to Brendan Gallagher is over, Brendan Gallagher is back on ice.
19:56 of 2nd period - Snap shot by Abbott Girduckis.
19:56 of 2nd period - Stopped by Spencer Martin with a rebound.
19:58 of 2nd period - Snap shot by Adam Brubacher.
19:58 of 2nd period - Shot Misses the Net.
Goals for this period are 1 for Erie Otters vs 1 for Long Beach Ice Dogs.
Shots for this period are 22 for Erie Otters vs 7 for Long Beach Ice Dogs.
3rd period
0:01 of 3rd period - Andy Andreoff wins face-off versus Victor Rask in neutral zone.
0:54 of 3rd period - Alex-Olivier Voyer is hit by Riley Stillman.
1:12 of 3rd period - Wrist shot by Brendan Gallagher.
1:12 of 3rd period - Shot Misses the Net.
1:26 of 3rd period - Slapshot by Gabriel Vilardi.
1:26 of 3rd period - Stopped by Keith Kinkaid without a rebound.
1:27 of 3rd period - Andy Andreoff wins face-off versus Alex Galchenyuk in Erie Otters zone.
1:38 of 3rd period - Wrist shot by Alex Galchenyuk.
1:38 of 3rd period - Shot Misses the Net.
2:13 of 3rd period - Minor Penalty to Alex Gallant for Hooking.
2:14 of 3rd period - Victor Rask wins face-off versus Andy Andreoff in Erie Otters zone.
2:14 of 3rd period - Snap shot by Alex Galchenyuk.
2:14 of 3rd period - Shot Blocked by Aaron Ness.
2:16 of 3rd period - Wrist shot by Alex Galchenyuk.
2:16 of 3rd period - Stopped by Keith Kinkaid with a rebound.
2:18 of 3rd period - Snap shot by Victor Rask.
2:18 of 3rd period - Stopped by Keith Kinkaid with a rebound.
2:20 of 3rd period - Slapshot by Zack Kassian.
2:20 of 3rd period - Shot Misses the Net.
2:22 of 3rd period - Slapshot by Victor Rask.
2:22 of 3rd period - Shot Blocked by Alex Petrovic.
4:13 of 3rd period - Penalty to Alex Gallant is over, Alex Gallant is back on ice.
4:22 of 3rd period - Snap shot by Logan Brown.
4:22 of 3rd period - Shot Misses the Net.
4:24 of 3rd period - Wrist shot by Logan Brown.
4:24 of 3rd period - Stopped by Keith Kinkaid with a rebound.
4:26 of 3rd period - Wrist shot by Jansen Harkins.
4:26 of 3rd period - Shot Blocked by Aaron Luchuk.
4:28 of 3rd period - Slapshot by Yan Kuznetsov.
4:28 of 3rd period - Stopped by Keith Kinkaid with a rebound.
5:16 of 3rd period - Snap shot by Ty Ronning.
5:16 of 3rd period - Stopped by Spencer Martin with a rebound.
5:24 of 3rd period - Michael Eyssimont is hit by Jansen Harkins and loses puck.
5:46 of 3rd period - Minor Penalty to Trent Frederic for Interference.
5:47 of 3rd period - Andy Andreoff wins face-off versus Victor Rask in Erie Otters zone.
7:23 of 3rd period - Adam Clendening is hit by William Lagesson and loses puck.
7:46 of 3rd period - Penalty to Trent Frederic is over, Trent Frederic is back on ice.
7:55 of 3rd period - Mark Pysyk is hit by Andy Andreoff and loses puck.
8:36 of 3rd period - Olli Juolevi is hit by Alex Gallant and loses puck.
8:49 of 3rd period - Brendan Gallagher is hit by Michael Eyssimont and loses puck.
9:06 of 3rd period - Off-side.
9:07 of 3rd period - Victor Rask wins face-off versus Alex Newhook in neutral zone.
9:19 of 3rd period - Off-side.
9:20 of 3rd period - Victor Rask wins face-off versus Alex Newhook in neutral zone.
9:46 of 3rd period - Alex Petrovic is hit by Mark Pysyk and loses puck.
10:13 of 3rd period - Minor Penalty to Paul Cotter for Interference.
10:14 of 3rd period - Andy Andreoff wins face-off versus Gabriel Vilardi in Erie Otters zone.
10:25 of 3rd period - Snap shot by Brendan Gallagher.
10:25 of 3rd period - Shot Blocked by Aaron Luchuk.
10:27 of 3rd period - Wrist shot by Darren Helm.
10:27 of 3rd period - Deflect By Gabriel Vilardi.
10:27 of 3rd period - Shot Misses the Net.
10:27 of 3rd period - Puck is out of play.
10:28 of 3rd period - Victor Rask wins face-off versus Andy Andreoff in Erie Otters zone.
10:41 of 3rd period - Slapshot by Aaron Luchuk.
10:41 of 3rd period - Deflect By Andy Andreoff.
10:41 of 3rd period - Shot Misses the Net.
10:41 of 3rd period - Puck is out of play.
10:42 of 3rd period - Gabriel Vilardi wins face-off versus Andy Andreoff in Long Beach Ice Dogs zone.
10:42 of 3rd period - Gabriel Vilardi is hit by Aaron Ness.
12:13 of 3rd period - Penalty to Paul Cotter is over, Paul Cotter is back on ice.
12:20 of 3rd period - Adam Brubacher is hit by Jansen Harkins and loses puck.
13:09 of 3rd period - Victor Rask is hit by Alex Biega and loses puck.
13:40 of 3rd period - Trent Frederic is hit by Riley Stillman and loses puck.
13:57 of 3rd period - Darren Helm is hit by Aaron Luchuk and loses puck.
14:14 of 3rd period - Snap shot by Alex-Olivier Voyer.
14:14 of 3rd period - Stopped by Spencer Martin without a rebound.
14:15 of 3rd period - Logan Brown wins face-off versus Abbott Girduckis in Long Beach Ice Dogs zone.
14:15 of 3rd period - Mathieu Olivier is hit by Kevin Davis and loses puck.
14:26 of 3rd period - Snap shot by Alex-Olivier Voyer.
14:26 of 3rd period - Stopped by Spencer Martin with a rebound.
14:28 of 3rd period - Minor Penalty to Mathieu Olivier for Roughing.
14:29 of 3rd period - Alex Newhook wins face-off versus Darren Helm in Long Beach Ice Dogs zone.
14:36 of 3rd period - Wrist shot by Trent Frederic.
14:36 of 3rd period - Goal by Trent Frederic - Erie Otters : 4 - Long Beach Ice Dogs : 4.
14:37 of 3rd period - Andy Andreoff wins face-off versus Victor Rask in neutral zone.
14:40 of 3rd period - Slapshot by Sampo Ranta.
14:40 of 3rd period - Deflect By Michael Eyssimont.
14:40 of 3rd period - Shot Misses the Net.
14:40 of 3rd period - Puck is out of play.
14:41 of 3rd period - Andy Andreoff wins face-off versus Victor Rask in Long Beach Ice Dogs zone.
14:55 of 3rd period - Wrist shot by Andy Andreoff.
14:55 of 3rd period - Stopped by Spencer Martin without a rebound.
14:56 of 3rd period - Darren Helm wins face-off versus Aaron Luchuk in Long Beach Ice Dogs zone.
15:04 of 3rd period - Slapshot by Aaron Luchuk.
15:04 of 3rd period - Shot Blocked by Riley Stillman.
15:06 of 3rd period - Snap shot by Alex Gallant.
15:06 of 3rd period - Shot Blocked by Brendan Gallagher.
15:12 of 3rd period - Wrist shot by Aaron Luchuk.
15:12 of 3rd period - Stopped by Spencer Martin with a rebound.
16:13 of 3rd period - Wrist shot by Zack Kassian.
16:13 of 3rd period - Shot Misses the Net.
16:15 of 3rd period - Snap shot by Zack Kassian.
16:15 of 3rd period - Shot Blocked by Alex Petrovic.
16:17 of 3rd period - Slapshot by Mark Pysyk.
16:17 of 3rd period - Shot Blocked by Sampo Ranta.
16:19 of 3rd period - Snap shot by Victor Rask.
16:19 of 3rd period - Goal by Victor Rask - Erie Otters : 4 - Long Beach Ice Dogs : 5.
16:20 of 3rd period - Aaron Luchuk wins face-off versus Logan Brown in neutral zone.
16:25 of 3rd period - Snap shot by Alex Gallant.
16:25 of 3rd period - Stopped by Spencer Martin with a rebound.
16:26 of 3rd period - Alex Gallant beats up Mathieu Olivier.
16:26 of 3rd period - Penalty to Mathieu Olivier for Fighting.
16:26 of 3rd period - Penalty to Alex Gallant for Fighting.
16:27 of 3rd period - Alex-Olivier Voyer wins face-off versus Logan Brown in Long Beach Ice Dogs zone.
16:54 of 3rd period - Adam Clendening is hit by Justin Schultz.
17:30 of 3rd period - Minor Penalty to Alex Galchenyuk for Slashing.
17:31 of 3rd period - Andy Andreoff wins face-off versus Darren Helm in Long Beach Ice Dogs zone.
17:40 of 3rd period - Snap shot by Sampo Ranta.
17:40 of 3rd period - Deflect By Michael Eyssimont.
17:40 of 3rd period - Goal by Michael Eyssimont - Erie Otters : 5 - Long Beach Ice Dogs : 5.
17:41 of 3rd period - Aaron Luchuk wins face-off versus Logan Brown in neutral zone.
17:59 of 3rd period - Riley Stillman beats up Alex Petrovic.
17:59 of 3rd period - Penalty to Riley Stillman for Fighting.
17:59 of 3rd period - Penalty to Alex Petrovic for Fighting.
18:00 of 3rd period - Aaron Luchuk wins face-off versus Logan Brown in neutral zone.
18:05 of 3rd period - Logan Brown is hit by Alex-Olivier Voyer and loses puck.
18:16 of 3rd period - Alex Biega is hit by William Lagesson and loses puck.
18:27 of 3rd period - Alex Biega is hit by William Lagesson and loses puck.
19:25 of 3rd period - Snap shot by Logan Brown.
19:25 of 3rd period - Stopped by Keith Kinkaid with a rebound.
19:41 of 3rd period - Slapshot by Michael Eyssimont.
19:41 of 3rd period - Stopped by Spencer Martin with a rebound.
19:43 of 3rd period - Slapshot by Alec McCrea.
19:43 of 3rd period - Stopped by Spencer Martin with a rebound.
19:45 of 3rd period - Slapshot by Sampo Ranta.
19:45 of 3rd period - Shot Misses the Net.
Goals for this period are 2 for Erie Otters vs 1 for Long Beach Ice Dogs.
Shots for this period are 10 for Erie Otters vs 7 for Long Beach Ice Dogs.
Overtime #1
0:01 of 1st overtime period - Alex Newhook wins face-off versus Brendan Gallagher in neutral zone.
0:16 of 1st overtime period - Snap shot by Brendan Gallagher.
0:16 of 1st overtime period - Stopped by Keith Kinkaid with a rebound.
1:26 of 1st overtime period - Penalty to Mathieu Olivier is over, Mathieu Olivier is back on ice.
1:26 of 1st overtime period - Penalty to Alex Gallant is over, Alex Gallant is back on ice.
1:26 of 1st overtime period - Brendan Gallagher is hit by Paul Cotter and loses puck.
1:35 of 1st overtime period - Snap shot by Gabriel Vilardi.
1:35 of 1st overtime period - Shot Misses the Net.
1:37 of 1st overtime period - Wrist shot by Mathieu Olivier.
1:37 of 1st overtime period - Shot Blocked by Aaron Ness.
1:39 of 1st overtime period - Snap shot by Mathieu Olivier.
1:39 of 1st overtime period - Stopped by Keith Kinkaid with a rebound.
1:41 of 1st overtime period - Wrist shot by William Lagesson.
1:41 of 1st overtime period - Shot Blocked by Paul Cotter.
1:43 of 1st overtime period - Slapshot by Yan Kuznetsov.
1:43 of 1st overtime period - Deflect By Brendan Gallagher.
1:43 of 1st overtime period - Stopped by Keith Kinkaid without a rebound.
1:44 of 1st overtime period - Darren Helm wins face-off versus Alex Newhook in Erie Otters zone.
2:44 of 1st overtime period - Justin Schultz is hit by Ty Ronning.
2:59 of 1st overtime period - Penalty to Riley Stillman is over, Riley Stillman is back on ice.
2:59 of 1st overtime period - Penalty to Alex Petrovic is over, Alex Petrovic is back on ice.
3:08 of 1st overtime period - Snap shot by Logan Brown.
3:08 of 1st overtime period - Goal by Logan Brown - Erie Otters : 5 - Long Beach Ice Dogs : 6.
Goals for this period are 0 for Erie Otters vs 1 for Long Beach Ice Dogs.
Shots for this period are 0 for Erie Otters vs 4 for Long Beach Ice Dogs.
Back to the Top